Map: Dusk Towers

Players

dirtFace

  • Race: Protoss Protoss
  • League: Platinum

Trizztein - Winner!

  • Race: Terran Terran
  • League: Platinum

VOD

Have the link to the VOD?

Description

Time

  • Played on: Jan. 4, 2016, 6:50 a.m.
  • Length: 12:40
Show
View Real Time Build Order
Export as new Build Order

dirtFace Protoss 

Build Orders:  

Get SALT Encoding   

  12  0:01  Probe (Chrono Boost)  
  13  0:11  Probe (Chrono Boost)  
  14  0:19  Pylon  
  14  0:22  Probe (Chrono Boost)  
  15  0:37  Probe (Chrono Boost)  
  15  0:40  Gateway  
  16  0:48  Probe (Chrono Boost)  
  16  0:49  Assimilator  
  17  0:54  Assimilator  
  17  0:58  Probe (Chrono Boost)  
  18  1:09  Probe (Chrono Boost)  
  18  1:10  Pylon  
  18  1:19  Probe (Chrono Boost)  
  19  1:28  Cybernetics Core  
  19  1:30  Probe (Chrono Boost)  
  20  1:41  Probe (Chrono Boost)  
  21  2:03  Nexus  
  21  2:06  Mothership Core (Chrono Boost)  
  23  2:14  Stalker  
  25  2:20  Warp Gate  
  25  2:25  Probe (Chrono Boost)  
  25  2:52  Pylon  
  25  2:54  Probe (Chrono Boost)  
  25  2:55  Pylon  
  26  3:11  Robotics Facility  
  26  3:16  Gateway  
  26  3:19  Gateway  
  26  3:20  Gateway  
  26  3:23  Pylon  
  26  3:32  Probe x2 (Chrono Boost)  
  28  3:43  Probe (Chrono Boost)  
  28  3:44  Probe (Chrono Boost)  
  28  3:46  Pylon  
  30  3:54  Probe x2 (Chrono Boost)  
  32  3:59  Observer  
  33  4:04  Probe (Chrono Boost)  
  33  4:05  Probe (Chrono Boost)  
  35  4:15  Probe x2 (Chrono Boost)  
  37  4:20  Observer  
  38  4:28  Pylon  
  38  4:29  Probe (Chrono Boost)  
  38  4:30  Probe (Chrono Boost)  
  40  4:38  Stalker x4  
  44  4:45  Pylon  
  48  4:47  Probe x2 (Chrono Boost)  
  48  4:51  Pylon  
  50  4:58  Probe x2 (Chrono Boost)  
  52  5:01  Observer  
  53  5:15  Probe x2 (Chrono Boost)  
  53  5:19  Stalker x4  
  63  5:25  Pylon  
  63  5:29  Pylon  
  63  5:38  Probe x2 (Chrono Boost)  
  63  5:42  Observer  
  66  5:46  Assimilator  
  66  5:50  Assimilator  
  66  5:54  Pylon  
  66  5:55  Stalker x3  
  66  5:56  Stalker  
  74  6:02  Pylon  
  74  6:03  Probe (Chrono Boost)  
  74  6:04  Probe (Chrono Boost)  
  76  6:06  Observer  
  77  6:25  Probe x2 (Chrono Boost)  
  79  6:31  Adept x4  
  87  6:42  Nexus  
  87  6:45  Observer  
  88  6:52  Pylon  
  88  6:56  Pylon  
  88  6:57  Pylon  
  88  7:14  Immortal  
  92  7:17  Zealot x4  
  100  7:28  Forge  
  100  7:31  Forge  
  100  7:34  Gateway  
  100  7:36  Twilight Council  
  100  7:38  Gateway  
  100  7:50  Adept x4  
  108  7:55  Probe x3 (Chrono Boost)  
  108  7:57  Immortal  
  115  8:14  Resonating Glaives  
  104  8:45  Probe x3  
  103  8:58  Probe x3, Pylon  
  103  9:02  Pylon  
  106  9:16  Zealot x4  
  106  9:17  Zealot x2  
  118  9:20  Probe  
  118  9:21  Probe x2  
  118  9:23  Immortal  
  125  9:32  Probe x3  
  124  9:54  Stalker x3  
  124  9:55  Stalker x2  
  124  9:56  Stalker  
  136  10:00  Probe x3  
  136  10:04  Assimilator  
  139  10:08  Assimilator  
  139  10:09  Observer  
  140  10:19  Probe  
  140  10:20  Probe x2  
  141  10:22  Forge  
  141  10:23  Forge  
  143  10:49  Adept  
  119  10:50  Adept x5  
  89  11:10  Immortal  
  91  11:11  Pylon  
  91  11:12  Adept x2  
  91  11:13  Adept x4  
  91  11:14  Probe x2, Pylon  
  91  11:15  Probe  
  100  11:34  Stalker x6  
  111  11:59  Stalker  
  111  12:00  Stalker x5  
  74  12:29  Stalker  
  58  12:30  Stalker x5  
Show
View Real Time Build Order
Export as new Build Order

Trizztein Terran - Winner!

Build Orders: Reaper Expand, MMM Bio 

Get SALT Encoding   

  12  0:00  SCV  
  13  0:13  SCV  
  14  0:17  Supply Depot  
  14  0:25  SCV  
  15  0:39  SCV  
  15  0:41  Barracks  
  16  0:46  Refinery  
  16  0:51  SCV  
  17  1:03  SCV  
  18  1:16  SCV  
  18  1:28  SCV  
  18  1:31  Reaper  
  20  1:38  Command Center  
  20  1:45  Supply Depot  
  20  1:53  Orbital Command  
  20  2:09  Barracks Reactor  
  20  2:21  SCV  
  21  2:39  SCV  
  21  2:42  Command Center  
  21  2:48  Factory, Refinery  
  21  2:49  Marine  
  21  2:51  Marine  
  22  2:55  SCV  
  24  3:03  Orbital Command  
  24  3:07  SCV  
  24  3:12  Marine x2  
  28  3:20  SCV  
  28  3:31  SCV  
  28  3:32  SCV  
  30  3:34  Factory Tech Lab  
  30  3:38  Barracks  
  30  3:43  SCV, Marine x2  
  30  3:44  SCV  
  34  3:54  Cyclone  
  34  3:55  SCV  
  38  3:56  SCV  
  38  3:59  Orbital Command  
  39  4:07  Supply Depot  
  39  4:08  Marine x2  
  41  4:10  SCV  
  41  4:11  SCV  
  43  4:23  SCV x2  
  45  4:26  SCV, Cyclone  
  45  4:29  Refinery  
  45  4:30  Refinery  
  49  4:35  SCV, Barracks Tech Lab, Barracks  
  50  4:45  SCV x2  
  52  4:47  SCV  
  52  4:51  Engineering Bay  
  53  4:57  SCV x2  
  55  5:03  SCV  
  56  5:08  Marauder  
  56  5:09  SCV, Stimpack, Starport  
  56  5:10  SCV  
  56  5:13  Factory Reactor, Marine x2  
  62  5:15  SCV  
  62  5:20  Supply Depot x2  
  64  5:21  SCV  
  64  5:23  Terran Infantry Weapons Level 1  
  64  5:25  SCV  
  64  5:28  SCV  
  66  5:30  Orbital Command  
  66  5:34  Marine  
  66  5:35  Marauder  
  69  5:43  SCV x2  
  71  5:56  SCV x2  
  73  5:59  Marine x2  
  73  6:00  Marine  
  73  6:02  Medivac x2, Marauder  
  73  6:03  SCV  
  83  6:08  Supply Depot x2  
  83  6:10  Supply Depot, SCV x2  
  85  6:13  Factory Reactor  
  85  6:17  Starport, Marine  
  85  6:18  Marauder  
  88  6:19  Missile Turret  
  88  6:20  SCV  
  88  6:22  SCV  
  88  6:23  Marauder  
  88  6:24  SCV, Refinery x2  
  93  6:29  Marine  
  94  6:32  SCV  
  94  6:39  Marauder  
  96  6:41  Marine  
  96  6:42  Medivac x2  
  96  6:44  Marauder  
  103  6:47  Marine  
  103  6:50  SCV x2  
  103  6:51  Missile Turret  
  103  6:52  SCV  
  107  6:59  Marine  
  107  7:01  Factory Reactor, Marauder  
  110  7:03  Concussive Shells  
  110  7:05  Medivac x2, Marine  
  115  7:09  Combat Shields, Marauder  
  117  7:17  Terran Infantry Armor Level 1  
  117  7:18  Barracks  
  117  7:19  Barracks  
  117  7:38  Liberator x2  
  117  7:40  Supply Depot  
  117  7:41  Supply Depot  
  117  7:42  Supply Depot x2  
  117  7:43  SCV x3, Marine x4  
  124  7:45  Liberator x2  
  124  7:47  Supply Depot  
  124  7:51  Supply Depot  
  124  7:52  Supply Depot  
  124  7:55  SCV x3  
  133  8:02  Marauder, Marine x2  
  133  8:03  Marauder  
  145  8:06  Sensor Tower  
  145  8:07  SCV x2, Barracks Tech Lab  
  145  8:09  Barracks Reactor  
  147  8:19  Armory, Marine x2  
  147  8:24  Marauder x2  
  153  8:28  Marine  
  152  8:37  Marine  
  145  8:44  Marine, Liberator x2  
  145  8:45  Marauder x2  
  145  8:46  Marine  
  151  8:50  Engineering Bay  
  151  8:52  Marine x2  
  151  8:55  Marine  
  154  9:01  Medivac x2  
  154  9:02  Marine  
  165  9:04  Marine  
  165  9:06  Marine  
  165  9:07  Terran Ship Weapons Level 1, Marauder  
  165  9:08  Supply Depot  
  165  9:09  Marine x2  
  169  9:13  Marine  
  169  9:15  Command Center  
  172  9:19  Marine  
  172  9:20  Barracks x2  
  172  9:21  Barracks  
  172  9:22  Marauder  
  175  9:31  Marine  
  175  9:32  Marauder x2, Marine  
  175  9:37  Supply Depot  
  181  9:44  Marauder  
  173  9:54  Marauder x2  
  173  9:55  Marine x2  
  173  9:56  Marine x2  
  181  10:03  Ghost Academy  
  181  10:04  Terran Infantry Weapons Level 2  
  181  10:06  Terran Infantry Armor Level 2  
  181  10:11  Barracks Tech Lab x2, Liberator x2  
  181  10:12  Barracks Tech Lab  
  181  10:14  SCV x2  
  181  10:20  Marauder, Marine x6  
  197  10:28  Medivac  
  197  10:34  Liberator  
  198  10:38  Marine  
  198  10:41  Liberator  
  186  10:53  Liberator, Marine  
  186  10:54  Marine x4, Marauder x4  
  186  10:56  Marine  
  191  11:11  Marine  
  194  11:12  Marine x4  
  194  11:13  Marine  
  200  11:30  Planetary Fortress  
  200  11:49  Refinery  
  200  11:52  Refinery  
Tags
 
Add a new tag
Caveats
  • Supply blocks, unpowered buildings, or Contaminate may cause inaccurate times.
  • Supply counts are checked every 10 seconds.